 Dungeon Crawl Stone Soup version 0.29.1-1-gd02db6906a (webtiles) character file.

Game seed: 13018535219946445904

82 Iusername the Covered (level 4, -1/40 HPs)
             Began as a Minotaur Fighter on Sept 16, 2022.
             Slain by a goblin
             ... wielding a +0 club
             ... led by Robin
              (4 damage)
             ... on level 2 of the Dungeon.
             The game lasted 00:03:06 (1438 turns).

Iusername the Covered (Minotaur Fighter)            Turns: 1438, Time: 00:03:07

Health: -1/40      AC: 12    Str: 23    XL:     4   Next: 21%
Magic:  3/3        EV:  6    Int:  5    God:
Gold:   133        SH:  4    Dex:  9    Spells: 3/3 levels left

rFire   . . .      SeeInvis .   a - +0 trident
rCold   . . .      Faith    .   c - +0 buckler
rNeg    . . .      Spirit   .   h - +0 plate armour
rPois   .          Reflect  .   (helmet restricted)
rElec   .          Harm     .   (no cloak)
rCorr   .          Rampage  .   (no gloves)
Will    .....                   (no boots)
Stlth   ..........              (no amulet)
HPRegen 0.13/turn               (no ring)
MPRegen 0.08/turn               (no ring)

@: no status effects
A: horns 2, retaliatory headbutt
a: no special abilities


You were on level 2 of the Dungeon.
You visited 1 branch of the dungeon, and saw 2 of its levels.

You collected 133 gold pieces.

Inventory:

Hand Weapons
 a - a +0 trident (weapon)
Armour
 c - a +0 buckler (worn)
 h - a +0 plate armour (worn)
Scrolls
 b - a scroll of amnesia {unknown}
 e - 4 scrolls of identify {unknown}
 f - 2 scrolls of magic mapping {unknown}
 g - 2 scrolls of noise {unknown}
 i - 2 scrolls of blinking {unknown}
 j - 2 scrolls of teleportation {unknown}
Potions
 d - a potion of might


   Skills:
 + Level 4.2 Fighting
 + Level 3.1 Polearms
 + Level 4.5 Armour
 + Level 0.6 Dodging
 + Level 4.4 Shields


You had 3 spell levels left.
You didn't know any spells.
Your spell library was empty.

Dungeon Overview and Level Annotations

Branches:
Dungeon (2/15)

Altars:

Annotations:
D:2 Robin


Innate Abilities, Weirdness & Mutations

You have a pair of horns on your head.
You reflexively headbutt those who attack you in melee.


Message History

The sling bullet barely misses you. Robin throws the goblin at you!
The goblin hits you with a +0 club.
A goblin comes into view. It is wielding a +0 dagger.
You block the goblin's attack.
The goblin unwields a +0 sling.
The goblin wields a +0 club.
The goblin hits you but does no damage.
Things that are here:
a +0 dagger; a +0 sling You hit the goblin.
Your headbutt misses the goblin.
The goblin is severely wounded.
The goblin hits you with a +0 club. The goblin hits you with a +0 dagger.
You block the goblin's attack.
You hit the goblin.
You kill the goblin!
The goblin hits you with a +0 club. The goblin barely misses you.
You furiously retaliate!
You headbutt the goblin!
You kill the goblin!
You block the goblin's attack. The goblin hits you with a +0 club.
You hit the goblin.
You kill the goblin!
The goblin completely misses you.
You puncture the hobgoblin!
You kill the hobgoblin!
Robin throws the goblin at you! The goblin hits you but does no damage.
The goblin hits you with a +0 club.
You closely miss the goblin. Your headbutt misses the goblin.
A hobgoblin comes into view.
The goblin hits you but does no damage. The goblin hits you with a +0 club.
* * * LOW HITPOINT WARNING * * *
You block the goblin's attack.
The hobgoblin shouts!
You hit the goblin.
The goblin is severely wounded.
The goblin barely misses you. x2; The goblin hits you with a +0 dagger.
* * * LOW HITPOINT WARNING * * *
You hit the goblin.
You kill the goblin!
Robin throws the goblin at you! The goblin hits you with a +0 club.
* * * LOW HITPOINT WARNING * * *
You block the goblin's attack. The goblin hits you with a +0 club.
You die...

#### .... .g. .g#
### #.# #.. #g#
#..
#@##############..
#gg...............
################..
#.. #.. ###


You could see Robin, a hobgoblin (strong) and 3 goblins.

Vanquished Creatures
  Jessica (D:2)
  4 ball pythons
  An endoplasm (D:1)
  A giant cockroach (D:1)
  10 hobgoblins
  3 jackals (D:1)
  3 quokkas
  4 bats (D:1)
  A frilled lizard (D:1)
  14 goblins
  2 kobolds (D:1)
  7 rats
51 creatures vanquished.

Notes
Turn   | Place    | Note
-------+----------+-------------------------------------------
     0 | D:1      | Iusername the Minotaur Fighter began the quest for the Orb.
     0 | D:1      | Reached XP level 1. HP: 19/19 MP: 0/0
   237 | D:1      | Reached XP level 2. HP: 24/27 MP: 1/1
   863 | D:1      | Found a faded altar of an unknown god.
  1043 | D:2      | Reached XP level 3. HP: 33/33 MP: 2/2
  1341 | D:2      | Noticed Jessica
  1356 | D:2      | Killed Jessica
  1357 | D:2      | Reached XP level 4. HP: 40/40 MP: 3/3
  1427 | D:2      | Noticed Robin
  1438 | D:2      | Slain by a goblin

Illustrated notes

Levels and vault maps discovered:
D:1:      roderic_lyre, layout_rooms, chequers_ecumenical_altar_twisty,
          nicolae_concentric_dashed_squares_wild, minmay_tetromino_t2
D:2:      cheibrodos_greedy_goblins, layout_loops_ring, uniq_jessica, uniq_robin

Skill      XL: |  1  2  3 |
---------------+----------+-----
Fighting       | 4 |  4.2
Shields        | 4 |  4.4
Armour         | 4 |  4.5
Polearms       | 3 |  3.1
Dodging        | |  0.6

Action                   |  1- 3 |  4- 6 || total
-------------------------+-------+-------++-------
Melee: Trident           |   108 |    10 ||   118
       Headbutt          |    15 |       ||    15
  Use: Potion            |     1 |       ||     1
Armor: Scale mail        |    16 |       ||    16
       Plate armour      |    56 |     9 ||    65
Dodge: Dodged            |    35 |     5 ||    40
Block: Buckler           |    33 |     6 ||    39
